 Dungeon Crawl Stone Soup version 0.21-a0-349-g0c35859 (webtiles) character file.

70 Hasart the Ruffian (level 4, -1/40 HPs)
             Began as a Ghoul Monk on Oct 7, 2017.
             Slain by an orc wizard
             ... wielding a +1 dagger of speed
              (3 damage)
             ... on level 2 of the Dungeon.
             The game lasted 00:03:55 (938 turns).

Hasart the Ruffian (Ghoul Monk)                      Turns: 938, Time: 00:03:56

Health: -1/40      AC:  3    Str: 15    XL:     4   Next: 21%
Magic:  3/3        EV: 12    Int:  5    God:
Gold:   21         SH:  0    Dex: 11    Spells: 3/3 levels left

rFire    . . .     SeeInvis .     - Unarmed
rCold    + . .     Gourm    .   (no shield)
rNeg     + + +     Faith    .   f - +0 leather armour
rPois    ∞         Spirit   .   (no helmet)
rElec    .         Reflect  .   (no cloak)
rCorr    .         Harm     .   (no gloves)
MR       .....                  (no boots)
Stlth    ++........             (no amulet)
HPRegen  0.00/turn              (no ring)
MPRegen  0.08/turn              (no ring)

@: rotting
A: rotting body, claws 1, carnivore 3, cold resistance 1, negative energy
resistance 3, inhibited regeneration, torment resistance, unbreathing
a: no special abilities


You were on level 2 of the Dungeon.
You were not hungry.

You visited 1 branch of the dungeon, and saw 2 of its levels.

You collected 21 gold pieces.

Inventory:

Armour
 f - a +0 leather armour (worn)
Scrolls
 a - a scroll of teleportation {unknown}
 e - 2 scrolls of identify {unknown}
Comestibles
 b - 3 meat rations
 c - 5 chunks of flesh


   Skills:
 + Level 4.1 Fighting
 - Level 2.6 Dodging
 - Level 2.1 Stealth
 * Level 4.8 Unarmed Combat


You had 3 spell levels left.
You didn't know any spells.

Dungeon Overview and Level Annotations

Branches:
Dungeon (1/15)

Altars:


Innate Abilities, Weirdness & Mutations

Your body is rotting away.
You thrive on raw meat.
You are immune to poison.
You have sharp fingernails.
You are carnivorous and can eat meat at any time.
Your flesh is cold resistant. (rC+)
You are immune to negative energy. (rN+++)
You do not regenerate when monsters are visible.
You are immune to unholy pain and torment.
You can survive without breathing.


Message History

The orc wizard blinks!
The teleport trap disappears.
The orc wizard disappears!
You barely miss the orc wizard. The orc wizard barely misses you.
You scratch the orc wizard.
The orc wizard is lightly wounded.
The orc wizard points at you and mumbles some strange words.
The puff of frost hits you! You resist.
* * * LOW HITPOINT WARNING * * *
You scratch the orc wizard.
The orc wizard is moderately wounded.
The orc wizard hits you but does no damage.
The orc wizard closely misses you.
You scratch the orc wizard.
The orc wizard is heavily wounded.
The orc wizard gestures at you while chanting.
The puff of flame misses you.
The puff of flame hits the worm.
The orc wizard closely misses you.
You closely miss the orc wizard.
The orc wizard is heavily wounded.
The orc wizard hits you with a dagger of speed.
You die...

##.##
...
.$.
...
#.#
#w#
#.#
#@#
#o#
#h#
#S#
#h#
#o#
#o#
..#
#..#


You could see a worm, an orc priest, an orc wizard, an adder, an orc and 2
jackals.

Vanquished Creatures
  An orc priest (D:2)
  An ooze (D:1)
  A dart slug (D:1)
  3 giant cockroaches (D:1)
  3 goblins (D:1)
  2 hobgoblins (D:1)
  5 jackals
  3 kobolds (D:1)
  6 bats (D:1)
  A frilled lizard (D:1)
  6 rats (D:1)
32 creatures vanquished.

Notes
Turn   | Place    | Note
-------+----------+-------------------------------------------
     0 | D:1      | Hasart the Ghoul Monk began the quest for the Orb.
     0 | D:1      | Reached XP level 1. HP: 19/19 MP: 0/0
   187 | D:1      | Reached XP level 2. HP: 18/25 MP: 1/1
   525 | D:1      | Reached XP level 3. HP: 31/33 MP: 2/2
   910 | D:1      | You fall through a shaft!
   923 | D:2      | Reached XP level 4. HP: 9/40 MP: 3/3
   935 | D:2      | HP: 2/40 [orc wizard/puff of frost (3)]
   938 | D:2      | Slain by an orc wizard

Vault maps used:
D:1:      ncdulo_watergridlock
D:2:      nicolae_overflow_crystal_walls, minitemple, kennysheep_slug_shrine

Skill      XL: |  1  2  3 |
---------------+----------+-----
Unarmed Combat | 4 |  4.8
Fighting       | 4 |  4.1
Dodging        | |  2.6
Stealth        | |  2.1

Action                   |  1- 3 |  4- 6 || total
-------------------------+-------+-------++-------
Melee: Unarmed           |   108 |     9 ||   117
       Punch             |     1 |       ||     1
  Use: Potion            |     1 |       ||     1
 Stab: Sleeping          |     2 |       ||     2
  Eat: Chunk             |     1 |       ||     1
Armor: Robe              |    29 |       ||    29
       Leather armour    |     6 |     1 ||     7
Dodge: Dodged            |    92 |     6 ||    98

Table legend:
 A = Spawn XP
 B = Non-spawn XP
 C = Spawn XP percentage of total XP
 D = Spawn monster count
 E = Non-spawn monster count
 F = Spawn count percentage of total count
 G = Total turns spent on level
                    A         B        C        D         E        F      G
               +---------+---------+-------+---------+---------+-------+---------
         Total |       0 |     100 |   0.0 |       0 |      32 |   0.0 |   938
               +---------+---------+-------+---------+---------+-------+---------
           D:1 |       0 |      55 |   0.0 |       0 |      30 |   0.0 |   910
           D:2 |       0 |      45 |   0.0 |       0 |       2 |   0.0 |    28
               +---------+---------+-------+---------+---------+-------+---------
